AoeStats
← 断天泪

MegaRandom

507525781Analyzed
2v2 RM · 15d ago on Sep 18, 2026· 40m 15s· 4 players
Game mode
Random Map
Map size
Medium (4 player)
Population
200
Speed
Normal
Resources
Standard
Victory
Conquest
Starting age
Dark Age
Ending age
Imperial Age
RankedLock teamsTeams togetherTeam positionsShared explorationLock speedFull tech treeHidden civsTurbo modeCheats
Victory
Defeat
🇩🇪 Khmer · Germany
927
+14
🇩🇪 Teutons · Germany
916
+15
🇩🇪 Bengalis · Germany
911
-15
🇨🇳 Mongols · China
874
-14
断天泪
11:50 Feudal Age
12:17 Double-Bit Axe
12:14 Horse Collar
16:02 Gold Mining
16:04 Stone Mining
19:26 Castle Age
17:13 Town Watch
17:14 Loom
19:14 Wheelbarrow
18:48 Fletching
18:58 Padded Archer Armor
21:30 Gold Shaft Mining
21:30 Stone Shaft Mining
20:36 Pikeman
21:17 Squires
21:02 Arson
22:13 Bow Saw
22:08 Heavy Plow
22:45 Hand Cart
22:30 Town Patrol
28:05 Imperial Age
26:53 Nomads
27:00 Bodkin Arrow
27:17 Forging
27:31 Ballistics
27:22 Fortified Wall
28:59 Leather Archer Armor
29:20 Iron Casting
28:51 Scale Barding Armor
Adelmann
1:52 Loom
8:38 Feudal Age
16:28 Castle Age
16:57 Scale Barding Armor
17:20 Bloodlines
17:29 Forging
18:07 Double-Bit Axe
23:00 Iron Casting
23:39 Fletching
27:19 Bodkin Arrow
27:26 Crossbowman
31:33 Imperial Age
30:25 Ballistics
32:28 Arbalester
34:42 Chemistry
34:54 Bodkin Arrow
35:00 Padded Archer Armor
40:10 Bracer
Levi
6:11 Loom
8:58 Feudal Age
13:54 Castle Age
13:36 Horse Collar
14:24 Town Watch
15:20 Husbandry
16:11 Bloodlines
19:44 Double-Bit Axe
20:03 Heavy Plow
21:05 Forging
23:11 Wheelbarrow
23:15 Scale Barding Armor
23:42 Ballistics
23:18 Murder Holes
23:29 Fletching
24:15 Iron Casting
23:45 Gold Mining
24:13 Bow Saw
27:45 Imperial Age
25:32 Hand Cart
25:21 Stone Mining
25:54 Town Patrol
26:37 Gold Shaft Mining
26:46 Stone Shaft Mining
26:51 Chain Barding Armor
26:34 Padded Archer Armor
27:45 Bodkin Arrow
29:53 Blast Furnace
29:51 Plate Barding Armor
30:35 Chemistry
29:43 Siege Engineers
29:59 Bracer
30:15 Leather Archer Armor
33:08 Conscription
33:24 Hoardings
32:10 Elite Ballista Elephant
32:55 Double Crossbow
34:05 Ring Archer Armor
35:12 Crop Rotation
Cops-R-Toys
2:25 Loom
8:00 Feudal Age
9:28 Double-Bit Axe
10:34 Wheelbarrow
12:56 Man-at-Arms
13:30 Horse Collar
14:03 Stone Mining
14:34 Town Watch
14:42 Fletching
15:04 Forging
16:26 Gold Mining
17:05 Scale Mail Armor
20:12 Castle Age
18:41 Scale Barding Armor
18:59 Arson
20:28 Padded Archer Armor
20:18 Pikeman
21:51 Bow Saw
22:33 Chain Mail Armor
23:58 Iron Casting
26:42 Bodkin Arrow
27:53 Ironclad
28:16 Squires
29:52 Leather Archer Armor
30:30 Hand Cart
30:52 Heavy Plow
33:31 Ballistics
33:23 Masonry
36:00 Imperial Age
33:54 Gambesons
35:52 Elite Skirmisher
37:43 Blast Furnace
37:20 Conscription
37:20 Elite Teutonic Knight
39:24 Ring Archer Armor
Connection lost

Rejoining the realm…

Still unreachable

The connection could not be restored.

Session expired

The server has moved on; the page needs a fresh start.